 Dungeon Crawl Stone Soup version 0.19.3-1-g3169bf9 (webtiles) character file.

5753 Alarkh the Brawler (level 10, 0/77 HPs)
             Began as a Ghoul Monk on Jan 24, 2017.
             Was a High Priest of Okawaru.
             Slain by an ogre
             ... wielding a +0 giant club
              (17 damage)
             ... on level 8 of the Dungeon.
             The game lasted 00:14:49 (6510 turns).

Alarkh the Brawler (Ghoul Monk)                     Turns: 6510, Time: 00:14:50

Health: 0/77       AC: 15    Str: 19    XL:     10   Next: 77%
Magic:  9/9        EV: 10    Int:  8    God:    Okawaru [*****.]
Gold:   489        SH:  2    Dex: 11    Spells: 0 memorised, 9 levels left

rFire  + . .     SeeInvis .       - Unarmed
rCold  + . .     Gourm    .     I - +0 scale mail (curse)
rNeg   + + +     Faith    .     (no shield)
rPois  ∞         Spirit   .     k - +2 helmet
rElec  .         Reflect  +     x - +2 cloak
rCorr  .         Harm     .     q - +1 pair of gloves {Str+3}
MR     .....                    v - +0 pair of boots
Stlth  ..........               r - +2 amulet of reflection
                                E - ring of loudness (curse)
                                F - ring of protection from fire

@: rotting
A: rotting body, claws 1, carnivore 3, cold resistance 1, negative energy
resistance 3, slow regeneration 1, torment resistance, unbreathing
a: Heroism, Finesse, Renounce Religion


You were on level 8 of the Dungeon.
You worshipped Okawaru.
Okawaru was extremely pleased with you.
You were not hungry.

You visited 2 branches of the dungeon, and saw 9 of its levels.
You also visited: Bailey.

You collected 489 gold pieces.

Inventory:

Armour
 c - a cursed +0 crystal plate armour
 k - a +2 helmet (worn)
 q - a +1 pair of gloves of strength (worn)
 v - a +0 pair of boots (worn)
 x - a +2 cloak (worn)
 I - a cursed +0 scale mail (worn)
 J - a +3 chain mail
Jewellery
 d - an uncursed ring of see invisible
 g - a +2 ring of intelligence
 r - a +2 amulet of reflection (around neck)
 D - a +2 ring of evasion
 E - a cursed ring of loudness (right hand)
 F - a ring of protection from fire (left hand)
Wands
 t - a wand of iceblast (10/15)
 z - a wand of iceblast (4/15)
Scrolls
 e - a scroll of identify
 i - a scroll of recharging {unknown}
 j - a scroll of blinking
 o - 3 scrolls of teleportation
 s - a scroll of magic mapping
 u - a scroll of enchant weapon
 w - a scroll of immolation
 y - a scroll of remove curse {unknown}
 A - a scroll of acquirement {unknown}
 H - a scroll of vulnerability {unknown}
Potions
 a - a potion of cure mutation {unknown}
 l - 2 potions of curing
 m - 2 potions of flight
Books
 n - a book of Maledictions

   Spells                             Type                      Level
   a - Corona                         Hexes                        1
   b - Ensorcelled Hibernation        Hexes/Ice                    2
   c - Confuse                        Hexes                        3
   d - Tukima's Dance                 Hexes                        3
   e - Dazzling Spray                 Conjuration/Hexes            3
 C - a book of Necromancy

   Spells                             Type                      Level
   a - Pain                           Necromancy                   1
   b - Animate Skeleton               Necromancy                   1
   c - Vampiric Draining              Necromancy                   3
   d - Regeneration                   Charms/Necromancy            3
   e - Animate Dead                   Necromancy                   4
   f - Control Undead                 Necromancy                   4
 G - a Young Poisoner's Handbook

   Spells                             Type                      Level
   a - Sting                          Conjuration/Poison           1
   b - Mephitic Cloud                 Conjuration/Poison/Air       3
   c - Olgreb's Toxic Radiance        Poison                       4
   d - Alistair's Intoxication        Transmutation/Poison         5
   e - Venom Bolt                     Conjuration/Poison           5
Comestibles
 b - 5 meat rations
 f - 3 beef jerkies
 h - a slice of pizza
 p - 6 chunks of flesh


   Skills:
 + Level 3.5 Fighting
 + Level 0.8 Armour
 + Level 3.0 Dodging
 - Level 2.1 Stealth
 * Level 16.1 Unarmed Combat
 + Level 1.0 Invocations


You had 9 spell levels left.
You didn't know any spells.

Dungeon Overview and Level Annotations

Branches:
Dungeon (8/15)             Temple (1/1) D:5
   Lair: D:8-11

Altars:
Ashenzari
Cheibriados
Dithmenos
Elyvilon
Fedhas
Gozag
Hepliaklqana
Kikubaaqudgha
Makhleb
Nemelex Xobeh
Okawaru
Qazlal
Ru
Sif Muna
Trog
Uskayaw
Vehumet
Xom
Zin

Shops:
D:4 [   D:5 (

Annotations:
D:2 1 exclusion


Innate Abilities, Weirdness & Mutations

Your body is rotting away.
You thrive on raw meat.
You are immune to poison.
You have sharp fingernails.
You are carnivorous and can eat meat at any time.
Your flesh is cold resistant. (rC+)
You are immune to negative energy. (rN+++)
You regenerate slowly when monsters are visible.
You are immune to unholy pain and torment.
You can survive without breathing.


Message History

The jelly is heavily wounded.
The jelly hits you but does no damage. The orc hits you but does no damage.
You hit the jelly.
Your hands burn!
The jelly is severely wounded.
The ogre hits you with a giant club!
You hear some strange, mumbled words.
Something tries to affect you, but you resist.
The jelly hits you but does no damage.
You pummel the jelly!!
You kill the jelly!
Okawaru accepts your kill.
The orc hits you but does no damage. x2; Something hits you.
The orc hits you but does no damage.
You hear some strange, mumbled words.
A magic dart appears from out of thin air!
The magic dart hits you!
* * * LOW HITPOINT WARNING * * *
You see here a steam dragon skeleton.
The ogre hits you with a giant club!
You die...

##############
#..........÷.#
.####..####<# #
####..####.#
#.#.O@.....#.#
.####.#o##..##.#.#
$.....o.##.......#
.......o{........#
....?.oo###.##.#.#
.......o# #.# .#.#
........# .##.#.#
......... .#
.........


You could see an ogre and 2 orcs.

Vanquished Creatures
  An orc knight (Bailey)
  An ugly thing (D:6)
  Grinder (D:3)
  A hippogriff (D:7)
  Sigmund (D:2)
  The ghost of Stil the Stinger, an amateur NaVM (D:4)
  A steam dragon (D:8)
  Edmund (D:4)
  A water moccasin (D:6)
  11 orc warriors
  2 ice beasts (D:5)
  3 sky beasts (D:6)
  3 centaurs
  2 ogres (D:6)
  5 bullfrogs
  4 scorpions
  7 killer bees (D:7)
  4 howler monkeys
  2 crimson imps (D:6)
  3 hounds
  3 orc priests
  2 centaur zombies
  2 jellies (D:8)
  An orc wizard (D:8)
  A centaur skeleton (D:5)
  Jessica (D:2)
  A bullfrog skeleton (D:4)
  Natasha (thrice) (D:3)
  6 worker ants
  A hound zombie (D:6)
  A hound skeleton (D:6)
  Robin (D:2)
  9 gnolls
  2 worker ant zombies
  9 adders
  A howler monkey skeleton (D:4)
  A shadow imp (D:6)
  2 oozes
  An adder skeleton (D:8)
  3 worms
  4 dart slugs
  6 leopard geckos
  26 orcs
  4 giant cockroaches
  8 hobgoblins
  12 jackals
  A quokka (D:7)
  A ball python (D:4)
  4 bats
  4 frilled lizards
  12 goblins
  5 kobolds
  2 quokka skeletons
  4 rats (D:3)
199 creatures vanquished.

Notes
Turn   | Place    | Note
-------+----------+-------------------------------------------
     0 | D:1      | Alarkh the Ghoul Monk began the quest for the Orb.
     0 | D:1      | Reached XP level 1. HP: 19/19 MP: 0/0
   510 | D:1      | Reached XP level 2. HP: 21/26 MP: 1/1
   627 | D:1      | Reached skill level 4 in Unarmed Combat
   632 | D:1      | Reached XP level 3. HP: 26/30 MP: 2/2
   927 | D:2      | Noticed Jessica
   935 | D:2      | Killed Jessica
   935 | D:2      | Reached skill level 5 in Unarmed Combat
   935 | D:2      | Reached XP level 4. HP: 30/38 MP: 3/3
   988 | D:2      | Noticed Robin
   997 | D:2      | Killed Robin
  1105 | D:2      | Found an iron altar of Okawaru.
  1107 | D:2      | Found a sparkling altar of Nemelex Xobeh.
  1109 | D:2      | Found a stormy altar of Qazlal.
  1109 | D:2      | Found a burning altar of Makhleb.
  1113 | D:2      | Became a worshipper of Warmaster Okawaru
  1113 | D:2      | Reached * piety under Okawaru
  1113 | D:2      | Reached ** piety under Okawaru
  1288 | D:2      | Noticed Sigmund
  1297 | D:2      | Killed Sigmund
  1297 | D:2      | Reached skill level 7 in Unarmed Combat
  1297 | D:2      | Reached XP level 5. HP: 35/45 MP: 4/4
  1297 | D:2      | Reached XP level 6. HP: 40/51 MP: 5/5
  1395 | D:2      | Found a glowing silver altar of Zin.
  1946 | D:3      | Noticed Natasha
  1954 | D:3      | Killed Natasha
  1967 | D:3      | Reached skill level 8 in Unarmed Combat
  1986 | D:3      | Noticed Grinder
  2004 | D:3      | Paralysed by Grinder for 3 turns
  2010 | D:3      | Killed Grinder
  2010 | D:3      | Reached *** piety under Okawaru
  2010 | D:3      | Reached skill level 9 in Unarmed Combat
  2010 | D:3      | Reached XP level 7. HP: 34/57 MP: 6/6
  2139 | D:3      | Noticed Natasha
  2144 | D:3      | Killed Natasha
  2186 | D:3      | Noticed Natasha
  2191 | D:3      | Killed Natasha
  2420 | D:4      | Found a shattered altar of Ashenzari.
  2522 | D:4      | Noticed Edmund
  2548 | D:4      | Killed Edmund
  2572 | D:4      | Found Kihun's Armour Boutique.
  2666 | D:4      | Reached skill level 10 in Unarmed Combat
  2845 | D:4      | Reached XP level 8. HP: 58/63 MP: 7/7
  3014 | D:4      | Found a deep blue altar of Sif Muna.
  3170 | D:4      | Noticed Stil's ghost (amateur NaVM)
  3181 | D:4      | Killed Stil's ghost
  3244 | D:5      | Entered Level 5 of the Dungeon
  3284 | D:5      | Found a radiant altar of Vehumet.
  3411 | D:5      | Found a staircase to the Ecumenical Temple.
  3509 | Temple   | Entered the Ecumenical Temple
  3764 | D:5      | Reached skill level 11 in Unarmed Combat
  3785 | D:5      | Reached **** piety under Okawaru
  3816 | D:5      | Found Narhouq's Antique Weapon Boutique.
  3891 | D:5      | Found a white marble altar of Elyvilon.
  4313 | D:6      | Reached skill level 12 in Unarmed Combat
  4435 | D:6      | Reached XP level 9. HP: 42/70 MP: 8/8
  4625 | D:6      | Reached skill level 13 in Unarmed Combat
  4826 | D:6      | Noticed a cyan ugly thing
  4834 | D:6      | Killed a cyan ugly thing
  4834 | D:6      | Reached ***** piety under Okawaru
  4834 | D:6      | Reached skill level 14 in Unarmed Combat
  4991 | D:7      | Reached XP level 10. HP: 33/77 MP: 7/9
  5046 | D:7      | Found a flagged portal.
  5051 | D:7      | Received a gift from Okawaru
  5113 | Bailey   | Entered a bailey
  5274 | Bailey   | Reached skill level 15 in Unarmed Combat
  5703 | Bailey   | Noticed an orc knight
  5728 | Bailey   | Killed an orc knight
  5941 | D:7      | Received a gift from Okawaru
  5948 | D:7      | Reached skill level 16 in Unarmed Combat
  6207 | D:7      | Found a blossoming altar of Fedhas.
  6488 | D:8      | Reached skill level 1 in Invocations
  6510 | D:8      | Slain by an ogre

Skill      XL: |  1  2  3  4  5  6  7  8  9 10 |
---------------+-------------------------------+-----
Unarmed Combat | 4 5 7 9 10 12 14 16 | 16.1
Invocations    | 1 |  1.0
Dodging        | 3 |  3.0
Fighting       | |  3.5
Armour         | |  0.8
Stealth        | |  2.1

Action                   |  1- 3 |  4- 6 |  7- 9 | 10-12 || total
-------------------------+-------+-------+-------+-------++-------
Melee: Unarmed           |    54 |   109 |   359 |   176 ||   698
       Punch             |       |     2 |    10 |    10 ||    22
Invok: Heroism           |       |       |     3 |     8 ||    11
       Finesse           |       |       |       |     1 ||     1
  Use: Potion            |       |     3 |     1 |     4 ||     8
       Scroll            |       |     2 |     6 |     6 ||    14
 Stab: Sleeping          |     3 |     1 |     2 |       ||     6
  Eat: Chunk             |     3 |    11 |    48 |    39 ||   101
Armor: Robe              |     9 |     8 |    63 |     9 ||    89
       Scale mail        |       |       |       |    56 ||    56
Dodge: Dodged            |    33 |    54 |   210 |   100 ||   397
Block: Other             |       |     3 |    16 |    12 ||    31
       Reflection        |       |       |       |     1 ||     1
